AoeStats
← {VL} El Gran Capitán

Arabia

509837335Analyzed
2v2 RM · 2d ago on Sep 28, 2026· 31m 43s· 4 players
Game mode
Random Map
Map size
Medium (4 player)
Population
200
Speed
Normal
Resources
Standard
Victory
Conquest
Starting age
Dark Age
Ending age
Imperial Age
RankedLock teamsTeams togetherTeam positionsShared explorationLock speedFull tech treeHidden civsTurbo modeCheats
Victory
Defeat
🇦🇷 Magyars · Argentina
1160
+13
🇦🇷 Saracens · Argentina
972
+21
🇲🇽 Ethiopians · Mexico
1117
-18
🇪🇸 Spanish · Spain
1067
-16
Lechugamer
8:37 Feudal Age
8:52 Loom
11:22 Double-Bit Axe
12:55 Horse Collar
21:47 Castle Age
22:47 Fletching
23:14 Thumb Ring
23:13 Padded Archer Armor
23:58 Bloodlines
23:49 Husbandry
24:25 Bodkin Arrow
26:46 Padded Archer Armor
28:38 Leather Archer Armor
28:48 Ballistics
agepique
7:17 Loom
9:44 Feudal Age
11:08 Double-Bit Axe
11:37 Horse Collar
21:05 Castle Age
21:49 Bloodlines
24:02 Husbandry
25:39 Scale Barding Armor
26:18 Forging
AlverthXIII
7:44 Loom
10:06 Feudal Age
12:54 Double-Bit Axe
15:49 Fletching
22:14 Wheelbarrow
26:59 Castle Age
25:21 Padded Archer Armor
25:50 Gold Mining
25:45 Horse Collar
27:27 Crossbowman
29:01 Thumb Ring
28:52 Bodkin Arrow
{VL} El Gran Capitán
10:04 Loom
12:01 Feudal Age
16:19 Double-Bit Axe
16:45 Scale Mail Armor
16:56 Forging
18:49 Wheelbarrow
25:16 Castle Age
25:50 Pikeman
Connection lost

Rejoining the realm…

Still unreachable

The connection could not be restored.

Session expired

The server has moved on; the page needs a fresh start.